 Dungeon Crawl Stone Soup version 0.26-a0-497-g0187308201 (webtiles) character file.

Game seed: 8354232445974636174

793 MrRokkomies the Destroyer (level 7, -2/41 HPs)
             Began as a Tengu Conjurer on Aug 6, 2020.
             Was an Initiate of Sif Muna.
             Shot with an arrow by a centaur (14 damage)
             ... on level 5 of the Dungeon.
             The game lasted 00:09:25 (5498 turns).

MrRokkomies the Destroyer (Tengu Conjurer)          Turns: 5498, Time: 00:09:25

Health: -2/41      AC:  0    Str:  9    XL:     7   Next: 88%
Magic:  11/11      EV: 18    Int: 18    God:    Sif Muna [......]
Gold:   184        SH:  0    Dex: 13    Spells: 1/10 levels left

rFire    + . .     SeeInvis .   a - +4 rapier (elec)
rCold    . . .     Faith    +   (no shield)
rNeg     + . .     Spirit   .   z - +0 robe
rPois    .         Reflect  .   h - +1 hat
rElec    .         Harm     .   (no cloak)
rCorr    .                      v - +0 pair of gloves
MR       .....                  (boots unavailable)
Stlth    ++........             i - amulet of faith
HPRegen  0.13/turn              n - ring of positive energy
MPRegen  0.12/turn              j - ring of protection from fire

@: corroded, flying quickly and evasively, quick
A: beak, talons 3, able to fly
a: Stop Flying, Renounce Religion


You were on level 5 of the Dungeon.
You worshipped Sif Muna.
Sif Muna was noncommittal.
You visited 2 branches of the dungeon, and saw 6 of its levels.

You collected 184 gold pieces.

Inventory:

Hand Weapons
 a - a +4 rapier of electrocution (weapon)
 d - a +0 hunting sling
 f - a +1 dagger
 p - a +0 short sword of draining
Missiles
 g - 122 stones
 o - 28 sling bullets
 u - 5 javelins (quivered)
 D - 10 poisoned darts
Armour
 h - a +1 hat (worn)
 v - a +0 pair of gloves (worn)
 x - a scarf of shadows
 z - a +0 robe (worn)
Jewellery
 i - an amulet of faith (around neck)
 j - a ring of protection from fire (right hand)
 k - an uncursed ring of resist corrosion
 n - a ring of positive energy (left hand)
 C - an uncursed ring of ice
Wands
 y - a wand of flame (16)
Scrolls
 c - a scroll of remove curse
 q - a scroll of blinking
 A - a scroll of magic mapping
 B - a scroll of enchant weapon
Potions
 b - 5 potions of curing
 e - a potion of invisibility
 l - a potion of mutation
 m - a potion of stabbing
 r - a potion of might
 s - a potion of brilliance {unknown}
 t - a potion of resistance {unknown}
 w - 2 potions of lignification {unknown}


   Skills:
 + Level 3.3 Fighting
 * Level 6.0 Dodging
 - Level 2.0 Stealth
 - Level 2.0 Spellcasting
 * Level 8.6 Conjurations
 + Level 1.7 Translocations


You had one spell level left.
You knew the following spells:

 Your Spells              Type           Power        Failure   Level
a - Magic Dart            Conj           ####         1%          1
b - Searing Ray           Conj           ####..       1%          2
c - Iskenderun's Mystic   Conj/Tloc      ###.....     22%         4
d - Blink                 Tloc           N/A          13%         2

Your spell library contained the following spells:

 Spells                   Type           Power        Failure   Level
 Conjure Flame            Conj/Fire      ###.....     10%         3
 Dazzling Flash           Conj/Hex       ###...       10%         3
 Mephitic Cloud           Conj/Pois/Air  ##......     17%         3
 Call Imp                 Summ           #.......     26%         2
 Slow                     Hex            #.......     26%         2
 Fulminant Prism          Conj/Hex       ###.......   30%         4


Dungeon Overview and Level Annotations

Branches:
Dungeon (5/15)             Temple (1/1) D:4

Altars:
Ashenzari
Cheibriados
Dithmenos
Elyvilon
Fedhas
Gozag
Kikubaaqudgha
Makhleb
Nemelex Xobeh
Okawaru
Qazlal
Ru
Sif Muna
Vehumet
Wu Jian
Zin
The Shining One


Innate Abilities, Weirdness & Mutations

You have a beak for a mouth.
You have claws for feet.
You can fly continuously.


Message History

You see here an arrow.
You hit the jelly. The acid corrodes you!
Your hands burn!
The jelly is moderately wounded.
The jelly misses you.
You hit the jelly.
Your hands burn!
You claw the jelly.
The jelly is almost dead.
The centaur shoots an arrow.
The arrow misses you. The jelly hits you.
You are splashed with acid.
You hit the jelly but do no damage.
Your hands burn!
You claw the jelly, but do no damage. You peck the jelly, but do no damage.
The jelly is almost dead.
The centaur shoots an arrow.
The arrow misses you. The jelly misses you.
The centaur shoots an arrow.
The arrow hits you!!
* * * LOW HITPOINT WARNING * * *
You puncture the jelly! Lightning courses through the jelly!
You kill the jelly!
Sif Muna accepts your kill.
Your Dodging skill increases to level 6!
The centaur shoots an arrow.
The arrow hits you!
You die...

.####.#...##
....#.#....#
.......#..###
.......#..#.##
.............#######
)............##....#
.............##.(..#
............##.....#
.......#.#.....!@..#
..##.######....:....#
.. ###.<........#
#..##.#[.....
....#..#..##.#
.......c...# #
...........##
...........#


You could see a centaur.

Vanquished Creatures
  Eustachio (D:4)
  A phantom (D:5)
  An ogre (D:5)
  A howler monkey (D:4)
  2 hounds (D:4)
  A jelly (D:5)
  An orc priest (D:4)
  An orc wizard (D:4)
  Natasha (thrice) (D:2)
  A worker ant (D:4)
  11 adders
  An ooze (D:3)
  5 worms
  A dart slug (D:2)
  A leopard gecko (D:1)
  6 orcs
  2 ball pythons
  2 giant cockroaches
  4 goblins
  7 hobgoblins
  10 jackals
  11 bats
  7 frilled lizards
  6 kobolds
  A leopard gecko zombie (D:5)
  6 rats
94 creatures vanquished.

Notes
Turn   | Place    | Note
-------+----------+-------------------------------------------
     0 | D:1      | MrRokkomies the Tengu Conjurer began the quest for the Orb.
     0 | D:1      | Reached XP level 1. HP: 10/10 MP: 4/4
   260 | D:1      | Reached XP level 2. HP: 16/16 MP: 6/6
  1215 | D:1      | Reached XP level 3. HP: 20/20 MP: 7/7
  1349 | D:1      | Reached skill level 1 in Fighting
  1433 | D:2      | Learned a level 2 spell: Searing Ray
  1479 | D:2      | Reached skill level 6 in Conjurations
  1843 | D:2      | Noticed Natasha
  1852 | D:2      | Killed Natasha
  1852 | D:2      | Reached XP level 4. HP: 11/25 MP: 3/8
  2651 | D:2      | Noticed Natasha
  2654 | D:2      | Killed Natasha
  2716 | D:2      | Gained mutation: You can fly continuously. [Tengu growth]
  2716 | D:2      | Reached XP level 5. HP: 30/30 MP: 4/9
  2874 | D:2      | Noticed Natasha
  2876 | D:2      | Killed Natasha
  3562 | D:3      | Reached skill level 7 in Conjurations
  4055 | D:4      | Reached XP level 6. HP: 35/35 MP: 10/10
  4062 | D:4      | Learned a level 4 spell: Iskenderun's Mystic Blast
  4446 | D:4      | Noticed Eustachio
  4458 | D:4      | Killed Eustachio
  4458 | D:4      | Reached skill level 5 in Dodging
  4458 | D:4      | Reached skill level 1 in Translocations
  4458 | D:4      | Reached XP level 7. HP: 40/40 MP: 1/11
  4599 | D:4      | Found a sparkling altar of Nemelex Xobeh.
  4694 | D:4      | Found a snail-covered altar of Cheibriados.
  4697 | D:4      | Found a radiant altar of Vehumet.
  4707 | D:4      | Found a glowing silver altar of Zin.
  4833 | D:4      | Reached skill level 8 in Conjurations
  4844 | D:4      | Learned a level 2 spell: Blink
  5024 | D:4      | Found a staircase to the Ecumenical Temple.
  5029 | Temple   | Entered the Ecumenical Temple
  5269 | Temple   | Became a worshipper of Sif Muna the Loreminder
  5408 | D:5      | Entered Level 5 of the Dungeon
  5498 | D:5      | Shot with an arrow by a centaur

Illustrated notes

Levels and vault maps discovered:
D:1:      co_arrival_square_in_a_square_in_a_square, layout_basic,
          nrook_loot_triangle, minmay_bisected
D:2:      layout_basic, uniq_natasha
D:3:      layout_basic, minmay_hedge_maze
D:4:      layout_gridville, grunt_temple_overflow_cloverleaf,
          minmay_temple_entry_nine_rooms, uniq_eustachio
D:5:      layout_cave_pools, portal_sewer_entry_d, nicolae_sextant
Temple:   oiseaux_autumnal_temple

Skill      XL: |  1  2  3  4  5  6  7 |
---------------+----------------------+-----
Fighting       | 1 2 3 |  3.3
Dodging        | 3 4 5 6 |  6.0
Conjurations   | 6 7 8 |  8.6
Translocations | 1 |  1.7
Stealth        | |  2.0
Spellcasting   | |  2.0

Action                   |  1- 3 |  4- 6 |  7- 9 || total
-------------------------+-------+-------+-------++-------
Melee: Unarmed           |     3 |       |       ||     3
       Dagger            |    24 |    40 |       ||    64
       Kick              |     5 |    25 |     8 ||    38
       Peck              |     4 |    14 |     3 ||    21
       Short sword       |       |    78 |     3 ||    81
       Rapier            |       |       |    44 ||    44
Throw: Stone             |       |     1 |       ||     1
 Cast: Magic Dart        |    50 |    12 |       ||    62
       Searing Ray       |     2 |     8 |       ||    10
 Abil: Fly               |       |     1 |       ||     1
  Use: Scroll            |     6 |     6 |     1 ||    13
 Stab: Sleeping          |     3 |       |       ||     3
Armor: Robe              |    16 |    25 |     9 ||    50
Dodge: Dodged            |    34 |   140 |    38 ||   212

Table legend: (Time is in decaauts)
 A = Elapsed time spent in this place.
 B = Non-inter-level travel time spent in this place.
 C = Inter-level travel time spent in this place.
 D = Time resting spent in this place.
 E = Time spent auto-exploring this place.
 F = Levels seen in this place.
 G = Mean time per level.
                   A        B        C        D        E       F      G
               +--------+--------+--------+--------+--------+-----+--------+
         Total |   5324 |   5143 |    181 |   1350 |   2976 |   6 |  887.3 |
       Dungeon |   5081 |   4935 |    146 |   1350 |   2807 |   5 | 1016.2 |
        Temple |    243 |    209 |     34 |      0 |    168 |   1 |  243.0 |
               +--------+--------+--------+--------+--------+-----+--------+

Top non-repeatable levels by time:
     D:2: 1979 daAuts
     D:1: 1201 daAuts
     D:4: 1082 daAuts
     D:3: 731 daAuts
  Temple: 243 daAuts
     D:5: 86 daAuts
